 Dungeon Crawl Stone Soup version 0.20.1-1-g8b1a95d (webtiles) character file.

119 homeworkjunkie the Skirmisher (level 5, 0/47 HPs)
             Began as a Hill Orc Fighter on Dec 3, 2017.
             Slain by an ogre
             ... wielding a +0 giant club
              (13 damage)
             ... on level 4 of the Dungeon.
             The game lasted 00:01:28 (514 turns).

homeworkjunkie the Skirmisher (Hill Orc Fighter)     Turns: 514, Time: 00:01:29

Health: 0/47       AC:  8    Str: 20    XL:     5   Next: 3%
Magic:  5/5        EV:  7    Int:  8    God:
Gold:   16         SH:  9    Dex: 10    Spells: 4/4 levels left

rFire    . . .     SeeInvis .   a - +0 war axe
rCold    . . .     Gourm    .   c - +0 shield
rNeg     . . .     Faith    .   b - +0 scale mail
rPois    .         Spirit   .   d - +0 helmet
rElec    .         Reflect  .   (no cloak)
rCorr    .         Harm     .   (no gloves)
MR       .....                  (no boots)
Stlth    ..........             (no amulet)
Regen    0.2/turn               (no ring)
MPRegen  0.1/turn               (no ring)

@: lethally poisoned (0 -> -6), hasted, very quick
A: no striking features
a: no special abilities


You were on level 4 of the Dungeon.
You were not hungry.

You visited 1 branch of the dungeon, and saw 4 of its levels.

You collected 16 gold pieces.

Inventory:

Hand Weapons
 a - a +0 war axe (weapon)
Armour
 b - a +0 scale mail (worn)
 c - a +0 shield (worn)
 d - a +0 helmet (worn)
 n - a +0 pair of gloves
Scrolls
 e - a scroll of enchant weapon {unknown}
 g - 2 scrolls of blinking {unknown}
 h - a scroll of enchant armour {unknown}
 i - a scroll of remove curse {unknown}
 j - 2 scrolls of identify {unknown}
 l - a scroll of teleportation {unknown}
Potions
 m - a potion of haste
Comestibles
 f - a bread ration
 k - a royal jelly


   Skills:
 * Level 4.4 Fighting
 * Level 4.2 Axes
 * Level 4.2 Armour
 + Level 0.1 Stealth
 * Level 3.9 Shields


You had 4 spell levels left.
You didn't know any spells.

Dungeon Overview and Level Annotations

Branches:
Dungeon (4/15)
 Temple: D:4-7

Altars:
Trog
Yredelemnul

Annotations:
D:3 Anon1729's ghost, amateur OpCK


Message History

You hit the ogre.
The ogre is moderately wounded.
You hit the worker ant.
You kill the worker ant!
You have reached level 5!
You feel stronger.
You feel sick. The ogre hits you but does no damage.
You hit the ogre.
The ogre is heavily wounded.
You feel sick.
Your shield and scale mail prevent you from hitting the ogre.
The ogre is heavily wounded.
You feel sick. The ogre hits you but does no damage.
You hit the ogre.
The ogre is severely wounded.
You feel sick. You block the ogre's attack.
You barely miss the ogre.
The ogre is severely wounded.
You feel sick. The ogre hits you with a giant club!
You die...

#. ... #......... #..#
#......... #..#
#......... #. ##..#
#.........
##.##...####.........
#...#.......#........>
#.##..................
##.#...........@†......
#..............O.......
##...........#.._..##
##.........##..8....
##<..#...## .._....
######### .......
##!.... $....


You could see an ogre.

Vanquished Creatures
  An orc priest (D:3)
  A hound (D:3)
  A worker ant (D:4)
  An adder (D:2)
  An ooze (D:1)
  A leopard gecko (D:4)
  3 orcs (D:3)
  3 goblins
  3 hobgoblins
  2 jackals (D:3)
  2 kobolds (D:1)
  A frilled lizard (D:3)
  A rat (D:2)
21 creatures vanquished.

Notes
Turn   | Place    | Note
-------+----------+-------------------------------------------
     0 | D:1      | homeworkjunkie the Hill Orc Fighter began the quest for the Orb.
     0 | D:1      | Reached XP level 1. HP: 19/19 MP: 1/1
    24 | D:1      | Reached XP level 2. HP: 15/27 MP: 2/2
   197 | D:3      | Reached XP level 3. HP: 7/33 MP: 3/3
   206 | D:3      | Reached XP level 4. HP: 10/40 MP: 4/4
   481 | D:3      | Noticed Anon1729's ghost (amateur OpCK)
   496 | D:4      | Found a bloodstained altar of Trog.
   496 | D:4      | Found a basalt altar of Yredelemnul.
   498 | D:4      | Noticed an ogre
   510 | D:4      | Reached XP level 5. HP: 17/47 MP: 5/5
   514 | D:4      | Slain by an ogre

Skill      XL: |  1  2  3  4 |
---------------+-------------+-----
Fighting       | 4 |  4.4
Axes           | 3 4 |  4.2
Armour         | 4 |  4.2
Stealth        | |  0.1
Shields        | |  3.9

Action                   |  1- 3 |  4- 6 || total
-------------------------+-------+-------++-------
Melee: War axe           |    34 |    51 ||    85
  Use: Potion            |     1 |     1 ||     2
Armor: Scale mail        |     9 |    34 ||    43
Dodge: Dodged            |    10 |    23 ||    33
Block: Shield            |    24 |    21 ||    45
